 Dungeon Crawl Stone Soup version 0.27-a0-277-g024f7ef292 (webtiles) character file.

Game seed: 12194593065652470639

4 Borgoz the Skirmisher (level 1, -1/21 HPs)
             Began as a Gargoyle Berserker on Feb 6, 2021.
             Was a Follower of Trog.
             Hit by a goblin thrown by Robin (3 damage)
             ... on level 2 of the Dungeon.
             The game lasted 00:00:12 (95 turns).

Borgoz the Skirmisher (Gargoyle Berserker)            Turns: 95, Time: 00:00:14

Health: -1/21      AC:  4    Str: 20    XL:     1   Next: 70%
Magic:  1/1        EV: 12    Int:  7    God:    Trog [*.....]
Gold:   0          SH:  0    Dex:  9    Spells: 0/0 levels left

rFire    . . .     SeeInvis .   a - +0 mace
rCold    . . .     Faith    .   (no shield)
rNeg     + . .     Spirit   .   b - +0 animal skin
rPois    ∞         Reflect  .   (no helmet)
rElec    +         Harm     .   (no cloak)
rCorr    .         Rampage  .   (no gloves)
Will     .....                  (no boots)
Stlth    ..........             (no amulet)
HPRegen  0.07/turn              (no ring)
MPRegen  0.07/turn              (no ring)

@: berserking, very quick
A: negative energy resistance 1, electricity resistance, unbreathing,
petrification resistance, miasma immunity, AC +2
a: Renounce Religion, Berserk


You were on level 2 of the Dungeon.
You worshipped Trog.
Trog was aware of your devotion.
You visited 1 branch of the dungeon, and saw 2 of its levels.

Inventory:

Hand Weapons
 a - a +0 mace (weapon)
Armour
 b - a +0 animal skin (worn)
Scrolls
 c - a scroll of identify {unknown}
Potions
 d - a potion of brilliance {unknown}
 e - 2 potions of curing {unknown}


   Skills:
 + Level 3.3 Fighting
 + Level 3.1 Maces & Flails
 + Level 2.3 Armour
 + Level 1.6 Dodging


You couldn't memorise any spells.
You didn't know any spells.
Your spell library was empty.

Dungeon Overview and Level Annotations

Branches:
Dungeon (1/15)

Altars:

Annotations:
D:2 Robin


Innate Abilities, Weirdness & Mutations

You are resistant to torment.
Your stone body is resilient. (AC +2)
You are immune to poison.
You resist negative energy. (rN+)
You are resistant to electric shocks. (rElec)
You can survive without breathing.
You are immune to petrification.
You are immune to miasma.


Message History

The goblin closely misses you. The goblin hits you with a +0 dagger.
* * * LOW HITPOINT WARNING * * *
You hit the goblin.
The goblin is almost dead.
The goblin hits you with a +0 dagger.
* * * LOW HITPOINT WARNING * * *
The goblin misses you.
You thump the goblin!
You kill the goblin!
Trog accepts your kill. The goblin barely misses you.
Robin throws the goblin at you! The goblin hits you.
* * * LOW HITPOINT WARNING * * *
You thump the goblin!
You kill the goblin!
Trog accepts your kill. The goblin hits you with a +0 club.
* * * LOW HITPOINT WARNING * * *
Robin throws the goblin at you!
You die... .....# #...# ##..... #...##.. #>.... +...+... #.... #...##.### #gg. #...##.... #gg

#...##.... #g#
#...##....
#g########...##....
#g@................
##+#.###.##...##....
#.....##.##...##....
#.....##.##.(.......
#.....##.##.........
#.....##.##........#
#....(##.##...##.#.#
#.....##.##(..##.#.#
...#......... ..#.#


You could see Robin, a hobgoblin (strong) and 3 goblins.

Vanquished Creatures
  3 goblins (D:2)
  A bat (D:1)
4 creatures vanquished.

Notes
Turn   | Place    | Note
-------+----------+-------------------------------------------
     0 | D:1      | Borgoz the Gargoyle Berserker began the quest for the Orb.
     0 | D:1      | Reached XP level 1. HP: 14/14 MP: 1/1
    61 | D:1      | You fall into a shaft and drop 1 floor!
    85 | D:2      | Noticed Robin
    95 | D:2      | Hit by a goblin thrown by Robin

Illustrated notes

Levels and vault maps discovered:
D:1:      enne_arrival_octagon_isle, layout_loops_ring
D:2:      layout_basic, chequers_ecumenical_altar_simple_redux,
          kennysheep_generic_room_7, uniq_robin

Action                   || total
-------------------------++-------
Melee: Mace              ||    10
Invok: Berserk           ||     1
Armor: Animal skin       ||     6
Dodge: Dodged            ||     9

Table legend: (Time is in decaauts)
 A = Elapsed time spent in this place.
 B = Non-inter-level travel time spent in this place.
 C = Inter-level travel time spent in this place.
 D = Time resting spent in this place.
 E = Time spent auto-exploring this place.
 F = Levels seen in this place.
 G = Mean time per level.
                   A        B        C        D        E       F      G
               +--------+--------+--------+--------+--------+-----+--------+
         Total |     95 |     95 |      0 |      0 |     77 |   2 |   47.5 |
       Dungeon |     95 |     95 |      0 |      0 |     77 |   2 |   47.5 |
               +--------+--------+--------+--------+--------+-----+--------+

Top non-repeatable levels by time:
     D:1: 61 daAuts
     D:2: 33 daAuts
